 Dungeon Crawl Stone Soup version 0.23-a0-8-gb809bb70e4 (webtiles) character file.

90 IcyTea the Skirmisher (level 4, 0/40 HPs)
             Began as a Demonspawn Wanderer on Aug 1, 2018.
             Slain by a gnoll
             ... wielding a +0 halberd
              (9 damage)
             ... on level 3 of the Dungeon.
             The game lasted 00:07:38 (2763 turns).

IcyTea the Skirmisher (Demonspawn Wanderer)         Turns: 2763, Time: 00:07:39

Health: 0/40       AC: 10    Str: 14    XL:     4   Next: 32%
Magic:  13/13      EV:  6    Int: 14    God:
Gold:   148        SH:  0    Dex: 11    Spells: 3/3 levels left

rFire    . . .     SeeInvis .   c - +2 rapier (vamp)
rCold    . . .     Gourm    .   (no shield)
rNeg     . . .     Faith    .   j - +0 chain mail
rPois    .         Spirit   .   (helmet restricted)
rElec    .         Reflect  .   h - +0 cloak
rCorr    .         Harm     .   (no gloves)
MR       .....                  (no boots)
Stlth    ..........             (no amulet)
HPRegen  0.13/turn              g - ring of magical power
MPRegen  0.13/turn              (no ring)

@: no status effects
A: horns 1, demonic guardian 1, powered by pain 1
a: no special abilities


You were on level 3 of the Dungeon.
You were hungry.

You visited 1 branch of the dungeon, and saw 3 of its levels.

You collected 148 gold pieces.

Inventory:

Hand Weapons
 c - a +2 vampiric rapier (weapon)
 f - a +0 rapier
Armour
 h - a +0 cloak (worn)
 j - a +0 chain mail (worn)
Jewellery
 e - a cursed amulet of faith
 g - a ring of magical power (left hand)
Scrolls
 a - a scroll of fear
 d - 2 scrolls of teleportation
 l - a scroll of remove curse
Potions
 b - a potion of haste
 k - a potion of magic {unknown}
Comestibles
 m - 3 rations


   Skills:
 - Level 6.0 Fighting
 + Level 1.5 Short Blades
   Level 1.0 Maces & Flails
 - Level 3.1 Armour
 - Level 1.0 Stealth
   Level 1.0 Shields
 - Level 1.0 Unarmed Combat


You had 3 spell levels left.
You didn't know any spells.
Your spell library was empty.

Dungeon Overview and Level Annotations

Branches:
Dungeon (3/15)

Altars:


Innate Abilities, Weirdness & Mutations

You have a pair of small horns on your head.
A weak demonic guardian rushes to your aid.
You sometimes gain a little power by taking damage.


Message History

The gnoll hits you with a halberd.
You hit the gnoll.
The gnoll is heavily wounded.
The kobold hits you with a club.
Your white imp barely misses the gnoll.
The gnoll hits your white imp with a halberd!
Your white imp dies!
The kobold hits you but does no damage.
Your chain mail prevents you from hitting the gnoll.
The gnoll is heavily wounded.
The kobold hits you with a club.
You completely miss the gnoll.
The gnoll is heavily wounded.
The gnoll hits you with a halberd!
* * * LOW HITPOINT WARNING * * *
The kobold hits you but does no damage.
You hit the gnoll.
The gnoll is heavily wounded.
A giant cockroach comes into view.
The gnoll hits you but does no damage. The gnoll hits you with a halberd!
You die...

### ..# ##.##
...# #..#
#gK#######
#@g#.....#
#w.#.###.#
#.(..#...#
#.####.########
.s.# #.#......#
#####
#.#.####.#
#...# #.# #####
#.# #.#


You could see 2 gnolls, a dart slug, a giant cockroach (wandering) and a kobold.

Vanquished Creatures
  3 adders (D:2)
  A worm (D:2)
  2 dart slugs (D:1)
  A leopard gecko (D:1)
  2 giant cockroaches (D:2)
  8 hobgoblins
  4 kobolds
  A quokka (D:2)
  2 ball pythons
  3 bats
  4 frilled lizards (D:1)
  5 goblins (D:1)
  7 rats
43 creatures vanquished.

Vanquished Creatures (collateral kills)
  Crazy Yiuf (D:2)
  A giant cockroach (D:3)
2 creatures vanquished.

Grand Total: 45 creatures vanquished

Notes
Turn   | Place    | Note
-------+----------+-------------------------------------------
     0 | D:1      | IcyTea the Demonspawn Wanderer began the quest for the Orb.
     0 | D:1      | IcyTea set off with: a scroll of fear, a potion of haste, a +0 spear, a scroll of teleportation, a +0 robe, a ration
     0 | D:1      | Reached XP level 1. HP: 22/22 MP: 1/1
   395 | D:1      | Reached skill level 1 in Armour
   485 | D:1      | Gained mutation: A weak demonic guardian rushes to your aid. [demonic ancestry]
   485 | D:1      | Reached XP level 2. HP: 23/28 MP: 2/2
  1179 | D:1      | Gained mutation: You sometimes gain a little power by taking damage. [demonic ancestry]
  1179 | D:1      | Reached XP level 3. HP: 25/34 MP: 3/3
  1948 | D:2      | Gained mutation: You have a pair of small horns on your head. [demonic ancestry]
  1948 | D:2      | Reached XP level 4. HP: 40/40 MP: 4/4
  2038 | D:2      | Found a runed door.
  2214 | D:2      | Reached skill level 1 in Short Blades
  2520 | D:2      | Noticed Crazy Yiuf
  2540 | D:2      | Killed Crazy Yiuf
  2763 | D:3      | Slain by a gnoll

Vault maps used:
D:1:      dpeg_arrival_snail, minmay_split_cup_large
D:2:      uniq_crazy_yiuf_cottage
D:3:      first_ration, portal_sewer_entry_a

Skill      XL: |  1  2  3  4 |
---------------+-------------+-----
Armour         | 1 2 3 |  3.1
Short Blades   | 1 |  1.5
Fighting       | |  6.0
Maces & Flails | |  1.0
Stealth        | |  1.0
Shields        | |  1.0
Unarmed Combat | |  1.0

Action                   |  1- 3 |  4- 6 || total
-------------------------+-------+-------++-------
Melee: Spear             |    95 |       ||    95
       Punch             |     2 |       ||     2
       Rapier            |    43 |    31 ||    74
       Short sword       |     7 |       ||     7
       Headbutt          |       |     3 ||     3
  Use: Scroll            |     7 |     1 ||     8
       Potion            |       |     1 ||     1
 Stab: Sleeping          |     1 |       ||     1
  Eat: Chunk             |     1 |     2 ||     3
       Ration            |     2 |       ||     2
Armor: Robe              |    18 |       ||    18
       Chain mail        |    23 |    20 ||    43
       Skin              |       |     8 ||     8
Dodge: Dodged            |    65 |    12 ||    77

Table legend:
 A = Spawn XP
 B = Non-spawn XP
 C = Spawn XP percentage of total XP
 D = Spawn monster count
 E = Non-spawn monster count
 F = Spawn count percentage of total count
 G = Total turns spent on level
                    A         B        C        D         E        F      G
               +---------+---------+-------+---------+---------+-------+---------
         Total |       0 |     129 |   0.0 |       0 |      45 |   0.0 |  2763
               +---------+---------+-------+---------+---------+-------+---------
           D:1 |       0 |      42 |   0.0 |       0 |      24 |   0.0 |  1486
           D:2 |       0 |      86 |   0.0 |       0 |      20 |   0.0 |  1238
           D:3 |       0 |       1 |   0.0 |       0 |       1 |   0.0 |    39
               +---------+---------+-------+---------+---------+-------+---------
